 Dungeon Crawl Stone Soup version 0.29-a0-845-g6161e89988 (webtiles) character file.

Game seed: 17634139277182472483

1724611 MoonlitKnight the Necromancer (level 26, 188/188 HPs)
             Began as a Gnoll Wanderer on July 10, 2022.
             Was the Champion of Ashenzari.
             Escaped with the Orb
             ... and 3 runes on July 15, 2022!
             The game lasted 03:44:21 (62815 turns).

MoonlitKnight the Necromancer (Gnoll Wanderer)     Turns: 62815, Time: 03:44:22

Health: 188/188    AC: 32    Str: 18      XL:     26   Next: 90%
Magic:  51/51      EV: 27    Int: 18 (21) God:    Ashenzari [******]
Gold:   7806       SH:  0    Dex: 21      Spells: 13/74 levels left

rFire   + + .      SeeInvis +   K - +8 longbow "Zephyr" {speed, Dex+3 SInv, Evo, Range} (curse)
rCold   + . .      Faith    .   (shield currently unavailable)
rNeg    + . .      Spirit   .   o - +2 faerie dragon scales {rCorr HP+2 Str+4, Self, Alch} (curse)
rPois   +          Reflect  .   i - +2 hood of the Assassin {Detection Stab+ Stlth++, Bglg, Elem} (curse)
rElec   .          Harm     .   Q - +4 dragonskin cloak {Evo, Elem} (curse)
rCorr   +          Rampage  .   a - +2 pair of gloves "Share My Henotheism" {Str+3, Bglg, Range} (curse)
Will    ++...      Clarity  +   O - +3 pair of mountain boots {steadfast, rC+, Self, Fort} (curse)
Stlth   ++++......              F - amulet of the Cosmic God {rF++ Regen+, Range, Self} (curse)
HPRegen 1.21/turn               M - ring "Adversity of Ashenzari" {Fly rPois rCorr, Self, Cun} (curse)
MPRegen 0.32/turn               G - ring "Share My Pessimism" {rN+ Will+ Dex+3, Bglg, Elem} (curse)

@: flying, studying 2 skills
A: fangs 1, strong nose, distributed training, iridescent scales 1, clarity,
deterioration 1, frail 2, wild magic 1
0: Orb of Zot
}: 3/15 runes: barnacled, slimy, gossamer
a: Renounce Religion, Shatter the Chains


You escaped.
You worshipped Ashenzari.
Ashenzari was exalted by your worship.
You visited 11 branches of the dungeon, and saw 53 of its levels.
You also visited: Ice Cave.

You collected 11559 gold pieces.
You spent 3753 gold pieces at shops.

Inventory:

Hand Weapons
 K - the cursed +8 longbow "Zephyr" (weapon) {speed, Dex+3 SInv, Evo, Range}
   (You bought it in a shop on level 2 of the Orcish Mines)

   Attacks with this weapon are significantly faster.
   Dex:       It affects your dexterity (+3).
   SInv:      It lets you see invisible.
   It has a curse which improves the following skills: Evocations: Evocations.
   Ranged Combat: Ranged Weapons and Throwing.
Missiles
 j - 13 throwing nets
 L - 10 curare-tipped darts
Armour
 a - the cursed +2 pair of gloves "Share My Henotheism" (worn) {Str+3, Bglg, Range}
   (You found it on level 5 of the Pits of Slime)

   It has a curse which improves the following skills: Beguiling: Conjurations,
   Hexes and Translocations.
   Ranged Combat: Ranged Weapons and Throwing.
 i - the cursed +2 hood of the Assassin (worn) {Detection Stab+ Stlth++, Bglg, Elem}
   (You found it on level 6 of the Lair of Beasts)

   It allows the wearer to sense nearby creatures.
   It allows the wearer to make particularly effective stabbing attacks against
   helpless or unaware enemies with any weapon.
   Stlth:     It makes you much more stealthy.
   It has a curse which improves the following skills: Beguiling: Conjurations,
   Hexes and Translocations.
   Elements:  Fire Magic, Ice Magic, Air Magic and Earth Magic.
 o - the cursed +2 faerie dragon scales (worn) {rCorr HP+2 Str+4, Self, Alch}
   (You took it off the Enchantress on level 1 of the Depths)

   Str:       It affects your strength (+4).
   HP:        It affects your health (+2).
   rCorr:     It protects you from acid and corrosion.
   It has a curse which improves the following skills: Introspection: Fighting
   and Spellcasting.
   Alchemy:   Poison Magic and Transmutations.
 O - the cursed +3 pair of mountain boots (worn) {steadfast, rC+, Self, Fort}
   (You acquired it on level 10 of the Dungeon)

   It prevents involuntary movement, except for blinking, teleportation, or
   banishment.
   rC:        It protects you from cold.
   It has a curse which improves the following skills: Introspection: Fighting
   and Spellcasting.
   Fortitude: Armour and Shields.
 Q - the cursed +4 dragonskin cloak (worn) {Evo, Elem}
   (You took it off Tiamat on level 3 of the Realm of Zot)

   It grants the wearer a chance to resist fire, cold, poison, electricity,
   acid, and negative energy.
   It has a curse which improves the following skills: Evocations: Evocations.
   Elements:  Fire Magic, Ice Magic, Air Magic and Earth Magic.
Jewellery
 F - the cursed amulet of the Cosmic God (around neck) {rF++ Regen+, Range, Self}
   (You bought it in a shop on level 2 of the Orcish Mines)

   [amulet of regeneration]

   rF:        It greatly protects you from fire.
   Regen:     It increases your rate of health regeneration.
   It has a curse which improves the following skills: Ranged Combat: Ranged
   Weapons and Throwing.
   Introspection: Fighting and Spellcasting.
 G - the cursed ring "Share My Pessimism" (right hand) {rN+ Will+ Dex+3, Bglg, Elem}
   (You bought it in a shop on level 1 of the Dungeon)

   [ring of positive energy]

   Dex:       It affects your dexterity (+3).
   rN:        It protects you from negative energy.
   Will:      It increases your willpower.
   It has a curse which improves the following skills: Beguiling: Conjurations,
   Hexes and Translocations.
   Elements:  Fire Magic, Ice Magic, Air Magic and Earth Magic.
 M - the cursed ring "Adversity of Ashenzari" (left hand) {Fly rPois rCorr, Self, Cun}
   (You acquired it on level 10 of the Dungeon)

   [ring of flight]

   rPois:     It protects you from poison.
   Fly:       It grants you flight.
   rCorr:     It protects you from acid and corrosion.
   It has a curse which improves the following skills: Introspection: Fighting
   and Spellcasting.
   Cunning:   Dodging and Stealth.
Wands
 l - a wand of acid (23)
 u - a wand of mindburst (29)
 v - a wand of roots (39)
 x - a wand of paralysis (35)
 y - a wand of flame (97)
 E - a wand of digging (29)
 S - a wand of polymorph (9)
Scrolls
 c - 8 scrolls of fear
 e - 19 scrolls of teleportation
 f - a scroll of blinking
 p - 3 scrolls of silence
 r - 15 scrolls of magic mapping
 w - 7 scrolls of fog
 z - 6 scrolls of immolation
 C - 7 scrolls of poison
 H - 5 scrolls of summoning
Potions
 d - 9 potions of attraction
 g - 8 potions of haste
 h - 29 potions of curing
 k - 2 potions of heal wounds
 m - 5 potions of brilliance
 n - 12 potions of might
 s - 3 potions of mutation
 A - 3 potions of berserk rage
 B - 6 potions of magic
 D - 7 potions of lignification
 I - 4 potions of resistance
 J - a potion of cancellation
 P - 11 potions of ambrosia
 U - 2 potions of invisibility
Miscellaneous
 b - a tin of tremorstones (2/2)
 q - a condenser vane
 N - a box of beasts
 T - a phial of floods


   Skills:
 + Level 18.5(24.5) Fighting
 + Level 18.5 Short Blades
 + Level 18.5 Long Blades
 + Level 18.5 Axes
 + Level 18.5 Maces & Flails
 + Level 18.5 Polearms
 + Level 18.5 Staves
 + Level 18.7(23.5) Ranged Weapons
 + Level 18.5(23.4) Throwing
 + Level 19.0(21.4) Armour
 + Level 18.5(20.9) Dodging
 + Level 18.5(20.9) Stealth
 + Level 18.5(20.9) Shields
 + Level 18.5 Unarmed Combat
 + Level 18.7(24.6) Spellcasting
 + Level 15.8(20.8) Conjurations
 + Level 15.8(20.8) Hexes
 + Level 15.8 Summonings
 + Level 20.3 Necromancy
 + Level 15.8(20.8) Translocations
 + Level 15.8(18.3) Transmutations
 + Level 16.5(21.4) Fire Magic
 + Level 17.1(22.0) Ice Magic
 + Level 15.8(20.8) Air Magic
 + Level 15.8(20.8) Earth Magic
 + Level 15.8(18.3) Poison Magic
 + Level 20.2 Invocations
 + Level 18.7(22.3) Evocations


You had 13 spell levels left.
You knew the following spells:

 Your Spells              Type           Power      Damage    Failure   Level
a - Freeze                Ice            100%       1d11      1%          1
b - Frozen Ramparts       Ice            100%       1d12      1%          3
c - Ozocubu's Armour      Ice            93%        N/A       1%          3
d - Ozocubu's Refrigerat  Ice            46%        4d14      1%          7
e - Swiftness             Air            90%        N/A       1%          3
f - Freezing Cloud        Conj/Ice/Air   45%        6-21      1%          5
g - Irradiate             Conj/Tmut      44%        3d26      1%          5
h - Stone Arrow           Conj/Erth      100%       3d13      1%          3
i - Orb of Destruction    Conj           45%        9d12      1%          7
j - Statue Form           Tmut/Erth      58%        N/A       1%          6
k - Wereblood             Tmut           86%        N/A       1%          2
l - Inner Flame           Hex/Fire       91%        N/A       1%          3
m - Apportation           Tloc           100%       N/A       1%          1
n - Dispersal             Tloc           45%        N/A       1%          6
o - Iron Shot             Conj/Erth      45%        9d9       1%          6

Your spell library contained the following spells:

 Spells                   Type           Power      Damage    Failure   Level
 Beastly Appendage        Tmut           100%       N/A       1%          1
 Magic Dart               Conj           100%       1d8       1%          1
 Sandblast                Erth           100%       2d20      1%          1
 Slow                     Hex            100%       N/A       1%          1
 Call Imp                 Summ           80%        N/A       1%          2
 Ensorcelled Hibernation  Hex/Ice        100%       N/A       1%          2
 Passwall                 Tmut/Erth      73%        N/A       1%          2
 Searing Ray              Conj           100%       2d8       1%          2
 Sublimation of Blood     Necr           89%        N/A       1%          2
 Confusing Touch          Hex            90%        N/A       1%          3
 Conjure Flame            Conj/Fire      91%        6-21      1%          3
 Dazzling Flash           Conj/Hex       100%       N/A       1%          3
 Gell's Gravitas          Tloc           90%        N/A       1%          3
 Ignite Poison            Fire/Tmut/Pois 88%        N/A       1%          3
 Mephitic Cloud           Conj/Pois/Air  89%        N/A       1%          3
 Spider Form              Tmut/Pois      86%        N/A       1%          3
 Summon Guardian Golem    Hex/Summ       85%        N/A       1%          3
 Teleport Other           Tloc           90%        N/A       1%          3
 Vampiric Draining        Necr           89%        2d12      1%          3
 Airstrike                Air            45%        0-14+     1%          4
 Anguish                  Hex/Necr       45%        N/A       1%          4
 Animate Armour           Summ/Erth      100%       N/A       1%          4
 Cause Fear               Hex            45%        N/A       1%          4
 Dispel Undead            Necr           89%        3d28      1%          4
 Fulminant Prism          Conj/Hex       45%        3d21      1%          4
 Hailstorm                Conj/Ice       92%        3d18      1%          4
 Iskenderun's Mystic Bla  Conj/Tloc      90%        2d18      1%          4
 Leda's Liquefaction      Hex/Erth       45%        N/A       1%          4
 Olgreb's Toxic Radiance  Pois           86%        N/A       1%          4
 Passage of Golubria      Tloc           90%        N/A       1%          4
 Petrify                  Tmut/Erth      88%        N/A       1%          4
 Sticky Flame             Conj/Fire      91%        2d10      1%          4
 Summon Lightning Spire   Summ/Air       85%        N/A       1%          4
 Agony                    Necr           89%        N/A       1%          5
 Fireball                 Conj/Fire      45%        3d18      1%          5
 Iskenderun's Battlesphe  Conj           90%        2d14      1%          5
 Lee's Rapid Deconstruct  Erth           45%        3d23*     1%          5
 Lightning Bolt           Conj/Air       45%        1d65      1%          5
 Metabolic Englaciation   Hex/Ice        46%        N/A       1%          5
 Silence                  Hex/Air        45%        N/A       1%          5
 Summon Forest            Summ/Tloc      42%        N/A       1%          5
 Summon Mana Viper        Hex/Summ       85%        N/A       1%          5
 Yara's Violent Unravell  Hex/Tmut       44%        3d17      1%          5
 Conjure Ball Lightning   Conj/Air       45%        3x3d16    1%          6
 Simulacrum               Ice/Necr       45%        N/A       1%          6
 Starburst                Conj/Fire      45%        6d13      1%          6
 Summon Cactus Giant      Summ           40%        N/A       1%          6
 Malign Gateway           Summ/Tloc      42%        N/A       1%          7
 Spellforged Servitor     Conj/Summ      42%        N/A       1%          7
 Haunt                    Necr/Summ      42%        N/A       2%          7
 Ignition                 Fire           46%        3d13      3%          8
 Summon Hydra             Summ           40%        N/A       4%          7
 Discord                  Hex            45%        N/A       4%          8
 Disjunction              Tloc           45%        N/A       4%          8
 Lehudib's Crystal Spear  Conj/Erth      45%        10d11     4%          8
 Maxwell's Capacitive Co  Air            45%        ∞         4%          8
 Infestation              Necr           44%        N/A       5%          8
 Summon Horrible Things   Summ           40%        N/A       28%         8
 Polar Vortex             Ice            46%        N/A       32%         9
 Fire Storm               Conj/Fire      45%        8d12      43%         9
 Chain Lightning          Conj/Air       45%        3d60      45%         9
 Shatter                  Erth           45%        3d35*     45%         9


Dungeon Overview and Level Annotations

Branches:
Dungeon (15/15)            Temple (1/1) D:7            Lair (6/6) D:8
 Shoals (4/4) Lair:4       Spider (4/4) Lair:3        Slime (5/5) Lair:5
    Orc (2/2) D:9             Elf (3/3) Orc:2        Vaults (4/5) D:14
  Crypt (0/3) Vaults:3     Depths (4/4) D:15            Zot (5/5) Depths:4
  IceCv (visited)

Altars:
Ashenzari
Cheibriados
Dithmenos
Elyvilon
Fedhas
Gozag
Hepliaklqana
Kikubaaqudgha
Makhleb
Nemelex Xobeh
Okawaru
Qazlal
Ru
Trog
Uskayaw
Vehumet
Wu Jian
Xom
Yredelemnul
Zin
The Shining One
Jiyva

Shops:
D:1 *([   D:7 (   D:14 (   Orc:2 =*=(   Elf:3 ?   Shoals:1 =   Shoals:2 **
Depths:1 **(   Depths:2 *::=   Depths:4 =*

Portals:
Hell: Depths:1 Depths:2 Depths:3 Depths:4
Abyss: Zot:4 Depths:2 Depths:3
Pandemonium: Depths:2
Ziggurat: Depths:3
Trove: Vaults:4 (give orange crystal plate armour)

Annotations:
D:1 1 transporter
D:3 3 runed translucent doors, NigelTetley's ghost, amateur OpTm
D:6 1 runed translucent door, Crazy Yiuf
D:14 2 transporters, Moink's ghost, journeyman DrCj
Lair:4 2 transporters, Jeokheh's ghost, journeyman GrFE
Orc:2 1 runed translucent door, Gruesome's ghost, journeyman DsNe
Depths:4 2 transporters, Iclarchia's ghost, adept MiMo
Zot:4 2 transporters, DavidChitty2's ghost, master MiFi
Zot:5 2 transporters, Zuol's ghost, legendary DsDe


Innate Abilities, Weirdness & Mutations

You have very sharp teeth.
Your uncanny sense of smell can sniff out nearby items.
Your experience applies equally to all skills.
You are partially covered in iridescent scales. (AC +2)
You possess an exceptional clarity of mind.
Your body sometimes deteriorates upon taking damage.
You are very frail. (-20% HP)
Your spells are a little harder to cast, but a little more powerful.


Message History

There is a stone staircase leading up here.
You fly upwards.
Level annotation: 1 runed translucent door, Crazy Yiuf
There is a stone staircase leading down here.
(D) Dungeon (T) Temple (L) Lair (A) Shoals (N) Spider Nest (M) Slime Pits (O) Orcish Mines (E) Elven Halls (V) Vaults (C) Crypt (U) Depths (H) Hell (Z) Zot
Where to? (Enter - D:1 @ (x,y), ? - help)
Things that are here:
a +0 robe; a +0 scimitar
Things that are here:
a +0 robe; a +0 great sword
Things that are here:
a +0 robe; a +1 spear
There is a stone staircase leading up here.
You fly upwards.
There is a stone staircase leading down here.
Things that are here:
a +0 chain mail; a +0 mace
There is a stone staircase leading up here.
You fly upwards.
There is a stone staircase leading down here.
There is a stone staircase leading up here.
You fly upwards.
Level annotation: 3 runed translucent doors, NigelTetley's ghost, amateur OpTm
There is a stone staircase leading down here.
There is an escape hatch in the floor here.
There is a stone staircase leading up here.
You fly upwards.
There is a stone staircase leading down here.
There is a stone staircase leading up here.
You fly upwards.
Level annotation: 1 transporter
There is a stone staircase leading down here.
There is an open door here.
You sense a monster nearby.
There is an open door here.
There is a staircase leading out of the dungeon here.
You have escaped!

.....#........#####....#...######
.....##+#.....#........###...####
.....##......##........#####...##
.....##......##........######...#
.....##......##©.......#####...##
.....##.#.#########....###...###
.....##.##########'....#...###
.....##)#....##©#.#....###...###
#######.#....###@#..########...##
#......##.#.#.#### ##...#
#......#.#.#..### ###...##
#.########...### ###...### #.#
############...###### #.#
#............ #.# ###.###########
#.####### #...# #.......# #.###


There were no monsters in sight!

Vanquished Creatures
  the Royal Jelly (Slime:5)
  2 dread liches (Zot:5)
  Tiamat (Zot:3)
  An ancient lich (Zot:5)
  10 orbs of fire
  A juggernaut (Depths:2)
  A shard shrike (IceCv)
  5 Killer Klowns
  A curse toe (Zot:3)
  16 golden dragons
  the Enchantress (Depths:1)
  4 bone dragons
  13 tentacled monstrosities
  3 electric golems
  2 doom hounds (Depths:2)
  Jorgrun (Shoals:3)
  The ghost of Megalobster the Axe Maniac, an adept MiBe of Trog (Spider:4)
  A walking crystal tome (Depths:3)
  Grunn (Depths:2)
  3 liches
  3 deep elf blademasters
  Asterion (Spider:2)
  Mlioglotl (Spider:4)
  8 quicksilver dragons
  A walking frostbound tome (Depths:4)
  An ancient champion (Depths:3)
  27 Orb Guardians
  32 acid blobs
  2 deep elf master archers (Elf:3)
  Frances (D:13)
  A kraken (Shoals:4)
  Polyphemus (Shoals:4)
  An Executioner (D:15)
  10 death cobs
  A tengu reaver (Depths:3)
  7 sphinxes
  Roxanne (Shoals:3)
  12 storm dragons
  Agnes (Elf:2)
  5 shadow dragons
  8 draconian monks
  24 azure jellies
  4 fire giants
  5 deep elf sorcerers (Elf:3)
  7 emperor scorpions
  9 vault wardens
  4 draconian knights
  3 frost giants
  An orc warlord (Vaults:4)
  A balrug (Depths:3)
  4 draconian shifters
  14 rockslimes
  10 ghost moths
  A caustic shrike zombie (Depths:2)
  6 draconian scorchers
  2 draconian stormcallers
  5 deep elf elementalists (Elf:3)
  An angel (D:15)
  2 broodmothers (Spider:3)
  4 draconian annihilators
  14 stone giants
  4 ironbound thunderhulks
  A reaper (Depths:2)
  3 spriggan defenders (Depths:1)
  20 quicksilver oozes
  12 ironbound preservers
  17 very ugly things
  4 demonspawn black suns (Zot:4)
  A war gargoyle (Vaults:3)
  A vampire knight (Depths:4)
  8 black draconians
  7 green draconians
  8 deep elf annihilators
  3 deep elf demonologists (Elf:3)
  A putrid mouth (Depths:2)
  10 entropy weavers
  14 white draconians
  14 red draconians
  18 purple draconians
  11 yellow draconians
  11 spark wasps
  9 deep elf death magi (Elf:3)
  7 ettins
  11 merfolk javelineers
  A blizzard demon (Depths:3)
  A green death (Depths:2)
  4 fire dragons
  8 great orbs of eyes
  10 merfolk impalers
  2 deep elf high priests
  Harold (Lair:2)
  15 vault guards
  2 rakshasas
  A hell beast (Depths:3)
  8 yaktaur captains
  6 catoblepae
  7 ice dragons
  4 hydras
  A peacekeeper (Vaults:3)
  15 ironbound frosthearts
  15 boulder beetles
  4 ogre magi (Orc:2)
  A spriggan skeleton (Depths:2)
  4 merfolk avatars
  7 spriggan air magi
  3 jorogumos
  13 two-headed ogres
  An alligator snapping turtle (Shoals:4)
  5 centaur warriors
  35 dancing weapons
  4 radroaches
  3 merfolk aquamancers (Shoals:4)
  15 death yaks
  2 death knights (Vaults:3)
  2 deep troll shamans
  A satyr (Shoals:2)
  6 spriggan berserkers
  4 tengu warriors
  A deep troll earth mage (Depths:1)
  2 vampire magi
  11 deep elf knights
  An orc high priest (Elf:1)
  A soul eater (Depths:2)
  Sonja (Lair:4)
  2 iron trolls
  4 skeletal warriors (D:13)
  25 deep trolls
  5 sea snakes
  17 deep elf archers
  6 steelbarb worms
  9 lindwurms
  9 pharaoh ants
  A glowing orange brain (shapeshifter) (Elf:1)
  3 flayed ghosts (Depths:1)
  5 orb spiders
  An orange crystal statue (IceCv)
  12 ironbound convokers
  14 harpies
  3 glowing orange brains
  33 deep elf pyromancers
  2 stone giant zombies (Depths:2)
  10 wizards
  A necromancer (Depths:2)
  2 phantasmal warriors (Depths:4)
  4 orc knights
  46 ugly things
  13 wolf spiders
  26 manticores
  25 deep elf zephyrmancers
  A shining eye (shapeshifter) (Depths:2)
  8 cyclopes
  12 fauns
  7 shining eyes
  2 salamanders (shapeshifter)
  A salamander (Depths:2)
  24 moths of wrath
  13 elephants
  Joseph (D:8)
  4 merfolk sirens
  7 torpor snails
  4 eyes of devastation
  Maurice (D:10)
  2 guardian serpents (Depths:1)
  An eye of devastation (shapeshifter) (Depths:3)
  4 water nymphs
  3 black mambas
  11 vault sentinels
  22 cane toads
  2 gargoyles
  24 rime drakes
  A cane toad (shapeshifter) (Elf:1)
  3 kobold demonologists (D:12)
  3 unseen horrors
  Maggie (D:6)
  6 komodo dragons
  35 yaktaurs
  13 demonic crawlers
  An efreet (D:9)
  A freezing wraith (D:14)
  An ice devil (D:9)
  A guardian mummy (Vaults:4)
  4 tengu conjurers
  21 polar bears
  A hornet (Depths:2)
  2 meliai (Spider:4)
  8 trolls
  85 slime creatures
  8 wind drakes
  A tarantella (shapeshifter) (D:15)
  15 blink frogs
  37 merfolk
  16 tarantellas
  11 dream sheep
  14 snapping turtles
  12 jumping spiders
  20 culicivoras
  A shadow (D:9)
  3 spriggans
  3 wraiths
  5 wyverns
  24 water elementals
  2 air elementals (Elf:3)
  2 fire bats (Depths:2)
  51 yaks
  A vampire (D:10)
  4 basilisks
  2 chaos spawn (Depths:2)
  34 redbacks
  A swamp worm (shapeshifter) (Depths:2)
  10 golden eyes
  3 steam dragons
  4 vampire mosquitoes (D:10)
  9 wargs
  An acid dragon (D:13)
  20 water moccasins
  Duvessa (D:6)
  3 black bears
  A sky beast (D:7)
  24 orc warriors
  32 ogres
  4 centaurs
  12 wolves
  A phantom (D:9)
  3 kobold brigands
  19 bullfrogs
  3 necrophages
  4 earth elementals
  6 scorpions
  30 wights
  Dowan (D:6)
  A troll zombie (D:9)
  16 killer bees
  An electric eel (Lair:6)
  9 howler monkeys
  5 hounds
  3 jellies
  20 orc priests
  A gnoll bouda (D:7)
  9 iguanas
  23 orc wizards
  6 hell rats (Lair:5)
  7 ogre zombies (D:9)
  3 gnolls (D:7)
  4 adders
  A shadow imp (D:8)
  2 white imps
  3 ufetubi (D:6)
  A worm (shapeshifter) (D:15)
  2 worms
  3 dart slugs
  60 orcs
  4 bats
  7 endoplasms
  5 giant cockroaches
  10 goblins
  3 hobgoblins
  3 jackals (D:3)
  27 kobolds
  5 quokkas
  A ball python (D:1)
  2 frilled lizards (D:3)
  2 goblin skeletons (D:9)
  2 goblin zombies (D:9)
  2 hobgoblin skeletons (D:9)
  2 hobgoblin zombies (D:9)
  2 orc skeletons (D:9)
  15 orc zombies (D:9)
  2 rats (D:2)
2089 creatures vanquished.

Vanquished Creatures (collateral kills)
  A storm dragon (Zot:5)
1 creature vanquished.

Vanquished Creatures (others)
  A ghost moth (Zot:5)
  A draconian stormcaller (Zot:5)
  A deep elf knight (Elf:2)
  A fire elemental (D:9)
  An orc wizard (D:7)
  22 fungi
  138 plants
  8 tentacles (Shoals:4)
173 creatures vanquished.

Grand Total: 2263 creatures vanquished

Notes
Turn   | Place    | Note
-------+----------+-------------------------------------------
     0 | D:1      | MoonlitKnight the Gnoll Wanderer began the quest for the
                  | Orb.
     0 | D:1      | MoonlitKnight set off with the following items: a +0 sling,
                  | a +0 scale mail, a scroll of fear; and the following spell
                  | memorised: Freeze; and the following spells available to
                  | memorise: Frozen Ramparts, Hailstorm.
     0 | D:1      | Reached XP level 1. HP: 13/13 MP: 4/4
     8 | D:1      | Found Hyenikhloin's Antique Weapon Emporium.
    81 | D:1      | Found Ypruvvig's Armour Shop.
   174 | D:1      | Reached XP level 2. HP: 18/19 MP: 5/5
   683 | D:1      | Found Teugri Tawk's General Store.
   686 | D:1      | Bought a scroll of noise for 12 gold pieces
  1109 | D:1      | Reached XP level 3. HP: 25/25 MP: 5/7
  1113 | D:1      | Learned a level 3 spell: Frozen Ramparts
  1509 | D:2      | Found a faded altar of an unknown god.
  1566 | D:2      | Reached skill level 1 in Fighting
  1566 | D:2      | Reached skill level 1 in Short Blades
  1566 | D:2      | Reached skill level 1 in Long Blades
  1566 | D:2      | Reached skill level 1 in Axes
  1566 | D:2      | Reached skill level 1 in Maces & Flails
  1566 | D:2      | Reached skill level 1 in Polearms
  1566 | D:2      | Reached skill level 1 in Staves
  1566 | D:2      | Reached skill level 1 in Throwing
  1566 | D:2      | Reached skill level 1 in Dodging
  1566 | D:2      | Reached skill level 1 in Stealth
  1566 | D:2      | Reached skill level 1 in Shields
  1566 | D:2      | Reached skill level 1 in Unarmed Combat
  1685 | D:2      | Reached XP level 4. HP: 32/32 MP: 4/8
  1755 | D:2      | Identified the +9 sling of Erob {venom, Dex+5}
  1980 | D:3      | Reached skill level 1 in Conjurations
  1980 | D:3      | Reached skill level 1 in Hexes
  1980 | D:3      | Reached skill level 1 in Summonings
  1980 | D:3      | Reached skill level 1 in Necromancy
  1980 | D:3      | Reached skill level 1 in Translocations
  1980 | D:3      | Reached skill level 1 in Transmutations
  1980 | D:3      | Reached skill level 1 in Fire Magic
  1980 | D:3      | Reached skill level 1 in Air Magic
  1980 | D:3      | Reached skill level 1 in Earth Magic
  1980 | D:3      | Reached skill level 1 in Poison Magic
  2403 | D:3      | Found a runed translucent gate.
  2403 | D:3      | Found a runed translucent gate.
  2404 | D:3      | Found a runed translucent gate.
  2406 | D:3      | Noticed NigelTetley's ghost (amateur OpTm)
  2596 | D:4      | Reached XP level 5. HP: 37/37 MP: 9/9
  2686 | D:4      | Noticed a black bear
  2693 | D:4      | Killed a black bear
  2694 | D:4      | Reached skill level 5 in Armour
  2694 | D:4      | Reached XP level 6. HP: 38/44 MP: 9/11
  2847 | D:4      | Found a sparkling altar of Nemelex Xobeh.
  2883 | D:4      | Found a white marble altar of Elyvilon.
  3216 | D:5      | Entered Level 5 of the Dungeon
  3236 | D:5      | Reached XP level 7. HP: 50/50 MP: 12/12
  3407 | D:5      | Identified the +7 hand axe of Yfaut {vorpal, rElec}
  3418 | D:5      | Found a hide-covered altar of Uskayaw.
  3565 | D:5      | Found a basalt altar of Yredelemnul.
  3644 | D:5      | Reached XP level 8. HP: 27/58 MP: 8/14
  3835 | D:5      | Identified the +4 dire flail "Jegen" {drain, *Corrode rPois
                  | Will- Str+4 Dex+6}
  4693 | D:6      | Reached skill level 5 in Invocations
  4836 | D:6      | Noticed Duvessa
  4836 | D:6      | Noticed Dowan
  4846 | D:6      | Killed Duvessa
  4847 | D:6      | Reached XP level 9. HP: 53/65 MP: 7/16
  4847 | D:6      | Killed Dowan
  4941 | D:6      | Found a runed translucent door.
  4942 | D:6      | Noticed Crazy Yiuf
  5191 | D:6      | Reached skill level 5 in Spellcasting
  5370 | D:6      | Noticed Maggie
  5377 | D:6      | Killed Maggie
  5378 | D:6      | Reached skill level 5 in Ranged Weapons
  5378 | D:6      | Reached skill level 5 in Evocations
  5535 | D:6      | Identified the +4 war axe of Nuddef {holy, Contam rN+++
                  | Str-2 Stlth+}
  5819 | D:7      | Found Idef's Antique Weapon Boutique.
  6117 | D:7      | HP: 1/61 [wight/+3 long sword (5)]
  6887 | D:7      | Found a staircase to the Ecumenical Temple.
  6904 | Temple   | Entered the Ecumenical Temple
  7022 | Temple   | Became a worshipper of Ashenzari the Shackled
  7283 | D:7      | Reached skill level 5 in Fighting
  7283 | D:7      | Reached skill level 5 in Short Blades
  7283 | D:7      | Reached skill level 5 in Long Blades
  7283 | D:7      | Reached skill level 5 in Axes
  7283 | D:7      | Reached skill level 5 in Maces & Flails
  7283 | D:7      | Reached skill level 5 in Polearms
  7283 | D:7      | Reached skill level 5 in Staves
  7283 | D:7      | Reached skill level 5 in Throwing
  7283 | D:7      | Reached skill level 5 in Dodging
  7283 | D:7      | Reached skill level 5 in Stealth
  7283 | D:7      | Reached skill level 5 in Shields
  7283 | D:7      | Reached skill level 5 in Unarmed Combat
  7283 | D:7      | Reached XP level 10. HP: 74/74 MP: 18/18
  9036 | D:8      | Found a staircase to the Lair.
  9246 | D:8      | Found a burning altar of Makhleb.
  9247 | D:8      | Found a glowing golden altar of the Shining One.
  9247 | D:8      | Found a shadowy altar of Dithmenos.
  9267 | D:8      | Noticed Joseph
  9285 | D:8      | Killed Joseph
  9329 | D:9      | Reached skill level 5 in Conjurations
  9329 | D:9      | Reached skill level 5 in Hexes
  9329 | D:9      | Reached skill level 5 in Summonings
  9329 | D:9      | Reached skill level 5 in Necromancy
  9329 | D:9      | Reached skill level 5 in Translocations
  9329 | D:9      | Reached skill level 5 in Transmutations
  9329 | D:9      | Reached skill level 5 in Fire Magic
  9329 | D:9      | Reached skill level 5 in Air Magic
  9329 | D:9      | Reached skill level 5 in Earth Magic
  9329 | D:9      | Reached skill level 5 in Poison Magic
  9329 | D:9      | Reached XP level 11. HP: 76/83 MP: 18/21
  9637 | D:9      | Noticed a deep elf pyromancer
  9643 | D:9      | Killed a deep elf pyromancer
  9672 | D:9      | Reached * piety under Ashenzari
  9672 | D:9      | Identified 3 scrolls of acquirement
  9837 | D:9      | Found a staircase to the Orcish Mines.
 10402 | D:9      | Reached ** piety under Ashenzari
 10529 | D:10     | Entered Level 10 of the Dungeon
 10556 | D:10     | Noticed an orc knight
 10573 | D:10     | Identified the +5 falchion of Pestilence {freeze, Int+2}
 10599 | D:10     | Noticed Maurice
 10606 | D:10     | Killed Maurice
 10927 | D:10     | Reached XP level 12. HP: 90/90 MP: 25/25
 11195 | D:10     | Found a sacrificial altar of Ru.
 11237 | D:10     | Found a blossoming altar of Fedhas.
 11381 | D:10     | Identified the +3 leather armour of the Farrier {-Cast rC+
                  | Regen+}
 11399 | D:10     | Acquired the ring of Usyenwad {Fly rPois rCorr}
 11449 | D:10     | Acquired the +3 pair of mountain boots {steadfast, rC+}
 11449 | D:10     | Found the +3 pair of mountain boots {steadfast, rC+}
 11466 | D:10     | Acquired the +2 helmet of the Endless Expanse {Str-2 Dex+4
                  | Slay+5}
 11510 | D:11     | Noticed a two-headed ogre
 11707 | D:11     | Killed a two-headed ogre
 12193 | D:11     | Learned a level 3 spell: Ozocubu's Armour
 12201 | D:11     | Learned a level 7 spell: Ozocubu's Refrigeration
 12461 | Lair:1   | Entered Level 1 of the Lair of Beasts
 12595 | Lair:1   | Noticed a seven-headed hydra
 12609 | Lair:1   | Killed a seven-headed hydra
 13402 | Lair:2   | Reached XP level 13. HP: 90/104 MP: 21/28
 13602 | Lair:2   | Noticed Harold
 13616 | Lair:2   | Killed Harold
 13617 | Lair:2   | Reached skill level 10 in Ice Magic
 13717 | Lair:2   | Reached *** piety under Ashenzari
 14045 | Lair:3   | Found a hole to the Spider Nest.
 14323 | Lair:3   | Reached **** piety under Ashenzari
 14876 | Lair:4   | Noticed Sonja
 14888 | Lair:4   | Killed Sonja
 14893 | Lair:4   | Learned a level 3 spell: Swiftness
 14899 | Lair:4   | Learned a level 5 spell: Freezing Cloud
 14905 | Lair:4   | Learned a level 5 spell: Irradiate
 15087 | Lair:4   | Identified the +8 plate armour of Lokitowk {Fly Dex-4 SInv}
 15115 | Lair:4   | Reached skill level 10 in Invocations
 15125 | Lair:4   | Reached skill level 10 in Armour
 15198 | Lair:4   | Noticed Jeokheh's ghost (journeyman GrFE)
 15200 | Lair:4   | Found a bloodstained altar of Trog.
 15213 | Lair:4   | Found a transporter.
 15282 | Lair:4   | Found a transporter.
 15468 | Lair:4   | Found a staircase to the Shoals.
 15557 | Lair:4   | Found a sparkling altar of Nemelex Xobeh.
 15790 | Lair:4   | Learned a level 3 spell: Stone Arrow
 16165 | Lair:5   | Found a viscous altar of Jiyva.
 16166 | Lair:5   | Found a staircase to the Slime Pits.
 16558 | Lair:6   | Entered Level 6 of the Lair of Beasts
 16571 | Lair:6   | Reached XP level 14. HP: 109/119 MP: 32/32
 16685 | Lair:6   | Found the +2 hood of the Assassin {Detection Stab+ Stlth++}
 17047 | Lair:6   | Reached skill level 10 in Spellcasting
 17099 | Lair:6   | Reached skill level 10 in Ranged Weapons
 17099 | Lair:6   | Reached skill level 10 in Evocations
 17912 | Orc:1    | Entered Level 1 of the Orcish Mines
 17929 | Orc:1    | Reached skill level 10 in Fighting
 17929 | Orc:1    | Reached skill level 10 in Short Blades
 17929 | Orc:1    | Reached skill level 10 in Long Blades
 17929 | Orc:1    | Reached skill level 10 in Axes
 17929 | Orc:1    | Reached skill level 10 in Maces & Flails
 17929 | Orc:1    | Reached skill level 10 in Polearms
 17929 | Orc:1    | Reached skill level 10 in Staves
 17929 | Orc:1    | Reached skill level 10 in Throwing
 17929 | Orc:1    | Reached skill level 10 in Dodging
 17929 | Orc:1    | Reached skill level 10 in Stealth
 17929 | Orc:1    | Reached skill level 10 in Shields
 17929 | Orc:1    | Reached skill level 10 in Unarmed Combat
 17965 | Orc:1    | Identified the +6 hammer of Big Damage {flame, rCorr}
 18048 | Orc:2    | Entered Level 2 of the Orcish Mines
 18088 | Orc:2    | Reached XP level 15. HP: 98/127 MP: 29/34
 18389 | Orc:2    | Found Xoemoyb's Jewellery Shoppe.
 18389 | Orc:2    | Found Koesudih's Jewellery Shop.
 18389 | Orc:2    | Found Xiemovok's Antique Weapon Boutique.
 18389 | Orc:2    | Found Fapes's Assorted Antiques.
 18401 | Orc:2    | Bought the amulet "Imumoz" {rF++ Regen+} for 981 gold
                  | pieces
 18431 | Orc:2    | Found a staircase to the Elven Halls.
 18561 | Orc:2    | Found a runed translucent door.
 18561 | Orc:2    | Found a shimmering altar of Xom.
 18561 | Orc:2    | Noticed Gruesome's ghost (journeyman DsNe)
 19459 | D:1      | Bought a +0 cloak of willpower for 138 gold pieces
 19459 | D:1      | Bought the ring of Dawn {rN+ Will+ Dex+3} for 466 gold
                  | pieces
 20357 | D:13     | Noticed Frances
 20381 | D:13     | Killed Frances
 21224 | D:14     | Found a transporter.
 21228 | D:14     | Found a transporter.
 21230 | D:14     | Noticed Moink's ghost (journeyman DrCj)
 21374 | D:14     | Found a gate to the Vaults.
 21381 | D:14     | Reached ***** piety under Ashenzari
 21652 | D:14     | Found Loyrurir's Antique Weapon Shoppe.
 21882 | D:15     | Entered Level 15 of the Dungeon
 21887 | D:15     | Reached XP level 16. HP: 137/143 MP: 12/38
 21892 | D:15     | Reached skill level 10 in Necromancy
 22242 | D:15     | Identified Yworof's Almanac of the Wind
 23018 | D:15     | Found a staircase to the Depths.
 23412 | Shoals:1 | Entered Level 1 of the Shoals
 23593 | Shoals:1 | Found Kegep's Jewellery Shop.
 24330 | Shoals:2 | Found Pakyraonu's General Store.
 24356 | Shoals:2 | Found Gecryne Masi's Specific Store.
 24678 | Shoals:2 | Learned a level 7 spell: Orb of Destruction
 25399 | Shoals:3 | Reached ****** piety under Ashenzari
 25455 | Shoals:3 | Reached XP level 17. HP: 157/157 MP: 42/42
 25480 | Shoals:3 | Noticed Jorgrun
 25497 | Shoals:3 | Killed Jorgrun
 25756 | Shoals:3 | Reached skill level 10 in Conjurations
 25756 | Shoals:3 | Reached skill level 10 in Hexes
 25756 | Shoals:3 | Reached skill level 10 in Summonings
 25756 | Shoals:3 | Reached skill level 10 in Translocations
 25756 | Shoals:3 | Reached skill level 10 in Transmutations
 25756 | Shoals:3 | Reached skill level 10 in Fire Magic
 25756 | Shoals:3 | Reached skill level 10 in Air Magic
 25756 | Shoals:3 | Reached skill level 10 in Earth Magic
 25756 | Shoals:3 | Reached skill level 10 in Poison Magic
 25849 | Shoals:3 | Noticed Roxanne
 25871 | Shoals:3 | Killed Roxanne
 25989 | Shoals:3 | Learned a level 6 spell: Statue Form
 26011 | Shoals:4 | Entered Level 4 of the Shoals
 26505 | Shoals:4 | Noticed Polyphemus
 26685 | Shoals:4 | Killed Polyphemus
 26788 | Shoals:4 | Noticed a kraken
 26825 | Shoals:4 | Killed a kraken
 27192 | Shoals:4 | Got a barnacled rune of Zot
 27351 | Spider:1 | Entered Level 1 of the Spider Nest
 28061 | Spider:1 | Reached XP level 18. HP: 166/166 MP: 1/43
 28805 | Spider:1 | Identified the +10 dire flail "Gyngyfint" {vamp, rF+ rC-
                  | Int+4}
 29555 | Spider:2 | Noticed Asterion
 29570 | Spider:2 | Killed Asterion
 29816 | Spider:3 | Gained mutation: You are weak. (Str -2) [mutagenic glow]
 29841 | Spider:3 | Gained mutation: Your spells are a little easier to cast,
                  | but a little less powerful. [mutagenic glow]
 30726 | Spider:3 | Acquired 1256 gold pieces
 30936 | Spider:4 | Entered Level 4 of the Spider Nest
 31026 | Spider:4 | Noticed Mlioglotl
 31030 | Spider:4 | Noticed a bone dragon
 31034 | Spider:4 | Killed Mlioglotl
 31338 | Spider:4 | Found a runed translucent door.
 31341 | Spider:4 | Noticed Megalobster's ghost (adept MiBe)
 32129 | Spider:4 | Reached XP level 19. HP: 105/167 MP: 1/42
 32362 | Spider:4 | Got a gossamer rune of Zot
 32529 | Spider:4 | Killed Megalobster's ghost
 32792 | Orc:2    | Bought the +8 longbow "Zephyr" {speed, Dex+3 SInv} for 2156
                  | gold pieces
 32792 | Orc:2    | Found the +8 longbow "Zephyr" {speed, Dex+3 SInv}
 33066 | Vaults:1 | Entered Level 1 of the Vaults
 34190 | Vaults:1 | Reached skill level 15 in Invocations
 34857 | Vaults:2 | Identified the +1 leather armour of the Feral God {+Blink
                  | rC+}
 35441 | Vaults:2 | Identified the +1 leather armour "Vinok" {+Blink rF+ rN+}
 35495 | Vaults:2 | Reached XP level 20. HP: 148/174 MP: 43/43
 36277 | Vaults:3 | Found a staircase to the Crypt.
 36944 | Vaults:3 | Acquired 1208 gold pieces
 37600 | Vaults:4 | Found a portal to a secret trove of treasure.
 37821 | Vaults:4 | Reached skill level 15 in Armour
 38047 | Vaults:4 | Reached skill level 15 in Necromancy
 38150 | Vaults:4 | Learned a level 2 spell: Wereblood
 38735 | Elf:1    | Entered Level 1 of the Elven Halls
 39110 | Elf:1    | Reached XP level 21. HP: 183/183 MP: 41/45
 39942 | Elf:2    | Noticed Agnes
 39949 | Elf:2    | Killed Agnes
 39965 | Elf:2    | Reached skill level 15 in Spellcasting
 40021 | Elf:2    | Found a frozen archway.
 40033 | IceCv    | Entered an ice cave
 40117 | IceCv    | Reached skill level 15 in Ranged Weapons
 40117 | IceCv    | Reached skill level 15 in Evocations
 40386 | IceCv    | Identified the ring "Hoxzos" {Ice rN++ Int-2 Dex-4 SInv}
 40485 | IceCv    | Noticed a shard shrike
 40508 | IceCv    | Killed a shard shrike
 40600 | IceCv    | Identified the +3 great sword of Wuzonur {vorpal, rC+}
 41188 | Elf:2    | Found a runed translucent gate.
 41188 | Elf:2    | Found a runed translucent gate.
 41189 | Elf:2    | Found a runed translucent gate.
 41203 | Elf:2    | Reached skill level 15 in Fighting
 41203 | Elf:2    | Reached skill level 15 in Short Blades
 41203 | Elf:2    | Reached skill level 15 in Long Blades
 41203 | Elf:2    | Reached skill level 15 in Axes
 41203 | Elf:2    | Reached skill level 15 in Maces & Flails
 41203 | Elf:2    | Reached skill level 15 in Polearms
 41203 | Elf:2    | Reached skill level 15 in Staves
 41203 | Elf:2    | Reached skill level 15 in Throwing
 41203 | Elf:2    | Reached skill level 15 in Dodging
 41203 | Elf:2    | Reached skill level 15 in Stealth
 41203 | Elf:2    | Reached skill level 15 in Shields
 41203 | Elf:2    | Reached skill level 15 in Unarmed Combat
 41207 | Elf:2    | Learned a level 3 spell: Inner Flame
 41831 | Elf:3    | Entered Level 3 of the Elven Halls
 42138 | Elf:3    | Reached XP level 22. HP: 100/192 MP: 22/46
 42565 | Elf:3    | Found Kupleshe's Magic Scroll Boutique.
 42750 | Elf:3    | Identified the +9 chain mail of Keagg {Str+5}
 42905 | Elf:3    | Identified the +7 tower shield of Litoibent {Dex+4}
 42982 | Elf:3    | Identified the amulet "Toren" {Spirit Int+3 Dex+3 Slay+3}
 43013 | Elf:3    | Identified the +0 ring mail of Rywnug {rN+ Str+3 Int-4}
 43030 | Elf:3    | Identified Cimyekk's Thorough Guide to Wizardry
 43463 | Slime:1  | Entered Level 1 of the Pits of Slime
 43876 | Slime:4  | Gained mutation: You occasionally shout uncontrollably at
                  | your foes. [a shining eye]
 43977 | Slime:5  | Entered Level 5 of the Pits of Slime
 43992 | Slime:5  | Gained mutation: Your body sometimes deteriorates upon
                  | taking damage. [a shining eye]
 44019 | Slime:5  | Reached skill level 15 in Ice Magic
 44242 | Slime:5  | Noticed the Royal Jelly
 44869 | Slime:4  | Gained mutation: You are very weak. (Str -4) [a shining
                  | eye]
 45409 | Slime:5  | Gained mutation: You are frail. (-10% HP) [a shining eye]
 45907 | Slime:5  | Identified the +5 plate armour "Fiakuf" {rPois Will+ Dex+4}
 45908 | Slime:5  | Identified the ring "Zial Dao" {Fly rF- rN+ rCorr Int+2}
 45909 | Slime:5  | Identified the +5 plate armour "Fihifon" {Int+5 Dex+3}
 45909 | Slime:5  | Identified the +7 falchion of Bright Blind Justice {vorpal,
                  | rN+++ Int-4 Dex+6 Stlth-}
 46130 | Slime:5  | Gained mutation: Armour fits poorly on your strangely
                  | shaped body. [a shining eye]
 46205 | Slime:5  | Identified the Lectures on the Salvo
 46206 | Slime:5  | Identified the +2 ring mail of Vaef {Contam Str+9 Int-5
                  | Dex+5}
 46208 | Slime:5  | Found a viscous altar of Jiyva.
 46211 | Slime:5  | Identified the Tome of Twisted Hexes
 46211 | Slime:5  | Identified the +2 dagger "Tiheafabie" {freeze, Str+4}
 46211 | Slime:5  | Identified the +2 plate armour "Xotzaemp" {Contam Fly rCorr
                  | Int+3}
 46495 | Slime:5  | Killed the Royal Jelly
 46496 | Slime:5  | Reached XP level 23. HP: 116/182 MP: 31/49
 46716 | Slime:5  | Got a slimy rune of Zot
 46859 | Slime:5  | Learned a level 1 spell: Apportation
 46866 | Slime:5  | Learned a level 6 spell: Dispersal
 47782 | Depths:1 | Entered Level 1 of the Depths
 47782 | Depths:1 | Found Gozag's Antique Weapon Shop.
 47911 | Depths:1 | Noticed the Enchantress
 47920 | Depths:1 | Killed the Enchantress
 48005 | D:15     | Lost mutation: Your spells are a little easier to cast, but
                  | a little less powerful. [potion of mutation]
 48005 | D:15     | Lost mutation: You are frail. (-10% HP) [potion of
                  | mutation]
 48005 | D:15     | Lost mutation: Your body sometimes deteriorates upon taking
                  | damage. [potion of mutation]
 48005 | D:15     | Gained mutation: You are clumsy. (Dex -2) [potion of
                  | mutation]
 48005 | D:15     | Gained mutation: You are strong-willed. (Will+) [potion of
                  | mutation]
 48006 | D:15     | Lost mutation: You are very weak. (Str -4) [potion of
                  | mutation]
 48006 | D:15     | Lost mutation: You occasionally shout uncontrollably at
                  | your foes. [potion of mutation]
 48007 | D:15     | Lost mutation: You are strong-willed. (Will+) [potion of
                  | mutation]
 48007 | D:15     | Lost mutation: You are clumsy. (Dex -2) [potion of
                  | mutation]
 48007 | D:15     | Lost mutation: You are weak. (Str -2) [potion of mutation]
 48007 | D:15     | Gained mutation: You are partially covered in iridescent
                  | scales. (AC +2) [potion of mutation]
 48007 | D:15     | Gained mutation: You have a pair of small horns on your
                  | head. [potion of mutation]
 48007 | D:15     | Gained mutation: You expend magic power (3 MP) to
                  | strengthen your wands. [potion of mutation]
 48008 | D:15     | Lost mutation: You expend magic power (3 MP) to strengthen
                  | your wands. [potion of mutation]
 48008 | D:15     | Lost mutation: Armour fits poorly on your strangely shaped
                  | body. [potion of mutation]
 48008 | D:15     | Gained mutation: You possess an exceptional clarity of
                  | mind. [potion of mutation]
 48008 | D:15     | Gained mutation: You have large cloven feet. [potion of
                  | mutation]
 48008 | D:15     | Gained mutation: Your spells are a little harder to cast,
                  | but a little more powerful. [potion of mutation]
 48663 | Depths:1 | Found an opulent altar of Gozag.
 48663 | Depths:1 | Found Gozag's Assorted Antiques.
 48663 | Depths:1 | Noticed a golden dragon
 48664 | Depths:1 | Found a gateway to Hell.
 48672 | Depths:1 | Found Gozag's Assorted Antiques.
 49140 | Depths:1 | Killed a golden dragon
 49403 | Depths:1 | Noticed a golden dragon
 49515 | Depths:1 | Killed a golden dragon
 49811 | Depths:2 | Gained mutation: Armour fits poorly on your strangely
                  | shaped body. [a shining eye]
 49857 | Depths:2 | Found a one-way gate to the infinite horrors of the Abyss.
 49921 | Depths:2 | Found Odisuosch's Book Boutique.
 49959 | Depths:2 | Noticed Grunn
 50390 | Depths:1 | Learned a level 6 spell: Iron Shot
 50935 | Depths:2 | Found Vioheg's Jewellery Shoppe.
 50935 | Depths:2 | Found Quxkyhy's Book Boutique.
 50985 | Depths:2 | Killed Grunn
 51102 | Depths:2 | Found Apipt's Fire Supplies.
 51186 | Depths:2 | Found a one-way gate leading to the halls of Pandemonium.
 51244 | Depths:2 | Noticed a golden dragon
 51426 | Depths:2 | Killed a golden dragon
 51702 | Depths:2 | Noticed a juggernaut
 51710 | Depths:2 | Killed a juggernaut
 51786 | Depths:2 | Identified the Discourse on Wanderlust and Accompaniment
 51787 | Depths:2 | Identified the +3 scimitar "Fubar" {antimagic, rElec rC+
                  | Int+3}
 52215 | Depths:3 | Found a one-way gateway to a ziggurat.
 52301 | Depths:3 | Reached XP level 24. HP: 176/210 MP: 45/49
 53243 | Depths:4 | Entered Level 4 of the Depths
 53649 | Depths:4 | Found a gate to the Realm of Zot.
 53854 | Depths:4 | Found Vawnoim's General Store.
 53885 | Depths:4 | Found Lymnosik's Jewellery Shop.
 54039 | Depths:4 | Found a transporter.
 54039 | Depths:4 | Found a transporter.
 54040 | Depths:4 | Noticed Iclarchia's ghost (adept MiMo)
 54045 | Depths:4 | Identified the +10 great mace "Hydrabane" {elec, rC+
                  | Stlth+}
 54045 | Depths:4 | Identified the +7 great mace of the Curious Runes {vorpal,
                  | Fly Dex+3}
 54174 | Zot:1    | Entered Level 1 of the Realm of Zot
 55450 | Zot:2    | Noticed a Killer Klown
 55461 | Zot:2    | Killed a Killer Klown
 55552 | Zot:2    | Identified the +11 scale mail of Jetueson {Fly rCorr Dex+2}
 56264 | Zot:3    | Reached XP level 25. HP: 224/224 MP: 51/51
 56501 | Zot:3    | Found the +4 dragonskin cloak
 56501 | Zot:3    | Noticed Tiamat
 56555 | Zot:3    | Killed Tiamat
 57191 | Zot:3    | Identified the +4 ring mail of the Sun {rN+ rCorr}
 57273 | Zot:3    | Identified the +10 dagger of Temperance {drain, Str+5}
 57374 | Zot:3    | Upgraded the game from 0.29-a0-824-gd827844252 to
                  | 0.29-a0-845-g6161e89988
 57625 | Zot:4    | Reached skill level 15 in Conjurations
 57625 | Zot:4    | Reached skill level 15 in Hexes
 57625 | Zot:4    | Reached skill level 15 in Summonings
 57625 | Zot:4    | Reached skill level 15 in Translocations
 57625 | Zot:4    | Reached skill level 15 in Transmutations
 57625 | Zot:4    | Reached skill level 15 in Fire Magic
 57625 | Zot:4    | Reached skill level 15 in Air Magic
 57625 | Zot:4    | Reached skill level 15 in Earth Magic
 57625 | Zot:4    | Reached skill level 15 in Poison Magic
 57732 | Zot:4    | Noticed an orb of fire
 57739 | Zot:4    | Killed an orb of fire
 57741 | Zot:4    | Noticed DavidChitty2's ghost (master MiFi)
 58228 | Zot:4    | Found a transporter.
 58229 | Zot:4    | Identified the ring "Ynelo" {rPois rC++ rN++ Str-3 Int+6}
 58240 | Zot:4    | Found a transporter.
 58330 | Zot:4    | Identified the +4 whip "Gram" {drain, rF+ Str+2 Int+4}
 58330 | Zot:4    | Identified the Folio of The Black Sun
 58330 | Zot:4    | Noticed an orb of fire
 58353 | Zot:4    | Killed an orb of fire
 58769 | Zot:5    | Entered Level 5 of the Realm of Zot
 58911 | Zot:5    | Found a transporter.
 58912 | Zot:5    | Noticed a shard shrike
 58915 | Zot:5    | Noticed Zuol's ghost (legendary DsDe)
 58915 | Zot:5    | Identified the +2 helmet of Duck's Teeth {rPois Will++
                  | Str+2}
 58960 | Zot:5    | Found a transporter.
 59101 | Zot:5    | Noticed a Killer Klown
 59119 | Zot:5    | Killed a Killer Klown
 59627 | Zot:5    | Identified the +0 pair of boots of the Evil One {rC- Str+4
                  | Int+3}
 59871 | Zot:5    | Reached XP level 26. HP: 231/231 MP: 51/51
 59977 | Zot:5    | Noticed an orb of fire
 59978 | Zot:5    | Noticed an orb of fire
 59983 | Zot:5    | Noticed an orb of fire
 59991 | Zot:5    | Gained mutation: You occasionally shout uncontrollably at
                  | your foes. [an orb of fire]
 59992 | Zot:5    | Gained mutation: You occasionally lose the ability to read
                  | scrolls when taking damage. [an orb of fire]
 59993 | Zot:5    | Gained mutation: You are frail. (-10% HP) [an orb of fire]
 59993 | Zot:5    | Noticed an orb of fire
 59995 | Zot:5    | Killed an orb of fire
 59998 | Zot:5    | Killed an orb of fire
 59999 | Zot:5    | Gained mutation: You are very frail. (-20% HP) [an orb of
                  | fire]
 60000 | Zot:5    | Noticed a dread lich
 60007 | Zot:5    | Killed an orb of fire
 60176 | Zot:4    | Lost mutation: Armour fits poorly on your strangely shaped
                  | body. [potion of mutation]
 60176 | Zot:4    | Lost mutation: You occasionally shout uncontrollably at
                  | your foes. [potion of mutation]
 60176 | Zot:4    | Lost mutation: You have a pair of small horns on your head.
                  | [potion of mutation]
 60176 | Zot:4    | Gained mutation: You are weak. (Str -2) [potion of
                  | mutation]
 60176 | Zot:4    | Gained mutation: You have a somewhat thin skeletal
                  | structure. (Dex +2, Stealth+) [potion of mutation]
 60177 | Zot:4    | Lost mutation: You occasionally lose the ability to read
                  | scrolls when taking damage. [potion of mutation]
 60177 | Zot:4    | Lost mutation: You have a somewhat thin skeletal structure.
                  | (Dex +2, Stealth+) [potion of mutation]
 60177 | Zot:4    | Lost mutation: You have large cloven feet. [potion of
                  | mutation]
 60177 | Zot:4    | Lost mutation: You are weak. (Str -2) [potion of mutation]
 60300 | Zot:5    | Gained mutation: Your body sometimes deteriorates upon
                  | taking damage. [an orb of fire]
 60307 | Zot:5    | Killed an orb of fire
 60480 | Zot:5    | Noticed a Killer Klown
 60486 | Zot:5    | Killed a Killer Klown
 60489 | Zot:5    | Noticed an orb of fire
 60511 | Zot:5    | Identified the +7 morningstar "Feneamoj" {elec, Dex+4}
 60630 | Zot:5    | Noticed an orb of fire
 60639 | Zot:5    | Killed an orb of fire
 60819 | Zot:5    | Noticed a Killer Klown
 60970 | Zot:5    | Noticed a Killer Klown
 60985 | Zot:5    | Killed a Killer Klown
 61150 | Zot:5    | Killed a Killer Klown
 61335 | Zot:5    | Noticed an ancient lich
 61362 | Zot:5    | Killed an ancient lich
 61453 | Zot:5    | Noticed an orb of fire
 61462 | Zot:5    | Killed an orb of fire
 61464 | Zot:5    | Noticed an orb of fire
 61482 | Zot:5    | Killed an orb of fire
 61568 | Zot:5    | Gained mutation: You are occasionally teleported next to
                  | monsters. [an orb of fire]
 61580 | Zot:5    | Lost mutation: You are occasionally teleported next to
                  | monsters. [an orb of fire]
 61584 | Zot:5    | Killed an orb of fire
 61787 | Zot:5    | Noticed a dread lich
 61840 | Zot:5    | Killed a dread lich
 62202 | Zot:5    | Killed a dread lich
 62301 | Zot:5    | Got the Orb of Zot
 62492 | Depths:1 | Noticed a seraph
 62815 | D:$      | Escaped with the Orb!

Illustrated notes

Levels and vault maps discovered:
D:1:      spicycebolla_arrival_risky_transporter, layout_basic, serial_curves,
          eino_curves_03, eino_curves_01, serial_shops, shop,
          nicolae_shop_window_shopping, shop
D:2:      layout_basic, dreamdust_ecumenical_altar_statues
D:3:      minmay_spotlight, layout_loops_ring, gammafunk_ghost_necromancy
D:4:      layout_rooms, mainiacjoe_overflow_catwalk_spiral, corexii_shack,
          kennysheep_generic_room_2
D:5:      layout_basic, overflow_temple_1_default,
          eat_drink_and_be_merry_uskayaw, grunt_ministairs_2
D:6:      layout_basic, minivault_5, uniq_maggie, uniq_crazy_yiuf_cottage,
          uniq_duvessa
D:7:      layout_loops_ring, minmay_temple_entry_wispy, serial_shops, shop,
          st_stairs_6
D:8:      layout_loops_ring, gammafunk_temple_overflow_claw,
          grunt_lair_entry_orc_guard_hut, kennysheep_decorative_pillar,
          chequers_serial_rivers_micro_c, grunt_ministairs_7, uniq_joseph
D:9:      layout_loops_corners, zombieorc2_lemuel,
          dilly_guarded_unrand_elemental_staff
D:10:     layout_roguey, mainiacjoe_overflow_two_lobes, kennysheep_island_fort,
          uniq_maurice
D:11:     layout_loops_ring, roderic_roman_lattice, grunt_ministairs_1
D:12:     layout_cave_pods
D:13:     layout_stronghold, uniq_frances
D:14:     layout_roguey, erik_vaults_2, serial_glass, glass_columns_a,
          glass_columns_b, serial_shops, nicolae_shop_window_shopping,
          serial_bayou_lagoon_a, gammafunk_ghost_hive
D:15:     gammafunk_enter_depths_forms, layout_basic, bh_walls_and_bars
Temple:   compressed_dpeg_triangle_lava_temple
Lair:1:   layout_cave_shapes
Lair:2:   layout_roguey, uniq_harold
Lair:3:   layout_concentric_octagons, spider_nest_entry_a
Lair:4:   nzn_winding_woodlands_large [nzn_winding_woodlands_5x5_checkerboard,
          nzn_winding_woodlands_5x15_split_checker,
          nzn_winding_woodlands_hourglass,
          nzn_winding_woodlands_center_diamonds,
          nzn_winding_woodlands_15x15_eel_pit,
          nzn_winding_woodlands_center_garden, nzn_winding_woodlands_5x5_cross,
          nzn_winding_woodlands_5x15_parted,
          nzn_winding_woodlands_5x5_open_star], layout_cave_pods,
          shoals_dummy_entry, gammafunk_ghost_wrathful_warriors, basic_altar,
          uniq_sonja
Lair:5:   layout_roguey, dpeg_slime_entry_enclosed
Lair:6:   evilmike_catoblepas_cave, layout_gridlike, nicolae_lair_yak_garden,
          infiniplex_staircase_pool
Shoals:1: layout_shoals, serial_shops, nicolae_square_shop
Shoals:2: layout_shoals, nicolae_specific_store
Shoals:3: layout_shoals, uniq_jorgrun, uniq_roxanne
Shoals:4: shoals_end_hangedman, layout_shoals, uniq_polyphemus
Spider:1: nicolae_spider_hilbert_zone_2 [nicolae_spider_hilbert_4_sides_1_open,
          nicolae_spider_hilbert_4_sides_1_open,
          nicolae_spider_hilbert_4_sides_1_open,
          nicolae_spider_hilbert_4_sides_1_open,
          nicolae_spider_hilbert_6_sides_1_open,
          nicolae_spider_hilbert_6_sides_1_open,
          nicolae_spider_hilbert_3_sides_1_open,
          nicolae_spider_hilbert_3_sides_1_open,
          nicolae_spider_hilbert_3_sides_1_open,
          nicolae_spider_hilbert_3_sides_1_open,
          nicolae_spider_hilbert_6_sides_1_open,
          nicolae_spider_hilbert_6_sides_1_open,
          nicolae_spider_hilbert_6_sides_1_open,
          nicolae_spider_hilbert_6_sides_1_open]
Spider:2: layout_spider_delve, uniq_asterion
Spider:3: nicolae_spider_hall_of_the_moth_king
Spider:4: hellmonk_spider_rune_bug_friends, hellmonk_ghost_happy_afterlife,
          uniq_mlioglotl
Slime:1:  layout_caves
Slime:2:  layout_caves
Slime:3:  layout_caves
Slime:4:  layout_caves
Slime:5
Orc:1:    layout_caves
Orc:2:    st_orc_ogre_mass, layout_caves, basic_altar, ebering_ghost_xom,
          mines5_lemuel
Elf:1:    eino_elf_arrival_the_gate, layout_gridlike, hangedman_elf_represent,
          small_chamber_with_monster, minivault_19
Elf:2:    nicolae_elf_blades_splatter_lattice
          [nicolae_blade_entry_crossed_weapons], layout_geoelf_octagon,
          serial_aquarium, aquarium_bridge_square [aquarium_subvault_wall,
          aquarium_subvault_balcony, aquarium_subvault_bridge,
          aquarium_subvault_window], aquarium_bridge_long_separate
          [aquarium_subvault_wall, aquarium_subvault_bridge,
          aquarium_subvault_window, aquarium_subvault_balcony,
          aquarium_subvault_bridge, aquarium_subvault_bridge],
          aquarium_window_corridor_3, aquarium_window_corner, aquarium_window_1,
          aquarium_view_2c, aquarium_view_4, aquarium_balcony_3b,
          portal_ice_cave_entry_dragon, uniq_agnes
Elf:3:    grunt_elf_hall_asides, layout_gridlike, serial_shops, shop
Vaults:1: nicolae_vaults_fighting_squares, nicolae_vaults_yaktaur_gun_rack,
          vaults_dpeg_encased_lava, hangedman_vaults_restitches, v_misc_1,
          hangedman_vaults_variations, v_misc_16, vaults_dpeg_cross,
          ontoclasm_vaults_pinch, nicolae_vaults_ring_of_whatevers,
          grunt_vaults_funnel, layout_vaults_omnicross
Vaults:2: hangedman_vaults_nodes, nicolae_vaults_what_the_h,
          vaults_mumra_minichess, v_alt_pattern_5, v_misc_19, v_misc_10,
          nicolae_vaults_theta, vaults_mumra_hexcomb,
          nicolae_vaults_display_case, grunt_vaults_hallway_short,
          layout_vaults_omnibox
Vaults:3: v_misc_27, nicolae_vaults_three_branches, v_misc_1, v_pattern_1,
          blue_anna_dwarven_crypt, nicolae_vaults_theta,
          ontoclasm_vaults_gateway, v_alt_pattern_4, v_misc_1, vaults_mumra_lcd,
          v_misc_19, hangedman_vaults_nails, layout_vaults_omnigrid
Vaults:4: hangedman_vaults_nails, nicolae_vaults_network_star,
          nicolae_vaults_puzzle_piece, hangedman_vaults_slither,
          nicolae_vaults_puzzle_piece, grunt_vaults_trifunnel,
          vaults_room_door_ring, nicolae_vaults_circle_grid_b,
          layout_vaults_maze, nicolae_trove_entry_path_of_doom
Depths:1: kennysheep_gozag_temple, layout_cave_pools, kennysheep_nub,
          hell_entry, st_stairs_6, minmay_misc_feat_enclosed,
          kennysheep_four_rooms, serial_bayou_shore_a, uniq_enchantress
Depths:2: kennysheep_large_spiral, layout_cave_pools, abyss_entry,
          chequers_serial_rivers_room_a, rand_demon_pan_entry_5,
          hangedman_coc_ice_floe, nicolae_shop_fire_sale
          [nicolae_sub_dead_trees], amcnicky_mini_rare_corridor_liquid,
          minmay_shop_grove, infiniplex_staircase_pillars_1, uniq_grunn
Depths:3: nicolae_BIG_FREAKIN_CUBE, layout_cave_shapes, enter_ziggurat_a,
          hangedman_decor_clover_reticule, abyss_entry_glasseish,
          grunt_mini_vestibule, lightli_fourway_metalbox
Depths:4: evilmike_zot_entry_round, layout_cave_pools, hell_entry,
          gammafunk_ghost_smash, nicolae_wooded_promenade
Zot:1:    layout_twisted_circle
Zot:2:    layout_onion, lemuel_baited_zot_trap, zot_minivault_1
Zot:3:    kennysheep_room_grid, layout_onion_interference, grunt_ministairs_12,
          st_small_dragon_hoard_5, uniq_tiamat
Zot:4:    dreamdust_black_sun_cult, layout_onion_interference,
          gammafunk_ghost_abyssal_escape, lemuel_baited_zot_trap
Zot:5:    layout_gridlike, gammafunk_ghost_berserking_beasts

Skill      XL: |  1  2  3  4  5  6  7  8  9 10 11 12 13 14 15 16 17 18 19 20 21 22 23 24 25 26 |
---------------+-------------------------------------------------------------------------------+-----
Fighting       | 1 2 3 5 6 7 8 9 10 11 12 13 14 15 16 17 18 | 18.5
Short Blades   | 1 2 3 5 6 7 8 9 10 11 12 13 14 15 16 17 18 | 18.5
Long Blades    | 1 2 3 5 6 7 8 9 10 11 12 13 14 15 16 17 18 | 18.5
Axes           | 1 2 3 5 6 7 8 9 10 11 12 13 14 15 16 17 18 | 18.5
Maces & Flails | 1 2 3 5 6 7 8 9 10 11 12 13 14 15 16 17 18 | 18.5
Polearms       | 1 2 3 5 6 7 8 9 10 11 12 13 14 15 16 17 18 | 18.5
Staves         | 1 2 3 5 6 7 8 9 10 11 12 13 14 15 16 17 18 | 18.5
Throwing       | 1 2 3 5 6 7 8 9 10 11 12 13 14 15 16 17 18 | 18.5
Dodging        | 1 2 3 5 6 7 8 9 10 11 12 13 14 15 16 17 18 | 18.5
Stealth        | 1 2 3 5 6 7 8 9 10 11 12 13 14 15 16 17 18 | 18.5
Shields        | 1 2 3 5 6 7 8 9 10 11 12 13 14 15 16 17 18 | 18.5
Unarmed Combat | 1 2 3 5 6 7 8 9 10 11 12 13 14 15 16 17 18 | 18.5
Spellcasting   | 3 4 5 6 7 8 9 10 11 12 13 14 15 16 17 18 | 18.7
Conjurations   | 1 2 3 4 5 6 7 8 9 10 11 12 13 14 15 | 15.8
Hexes          | 1 2 3 4 5 6 7 8 9 10 11 12 13 14 15 | 15.8
Summonings     | 1 2 3 4 5 6 7 8 9 10 11 12 13 14 15 | 15.8
Necromancy     | 1 2 3 4 5 6 7 8 9 11 12 13 14 15 16 17 18 19 20 | 20.3
Translocations | 1 2 3 4 5 6 7 8 9 10 11 12 13 14 15 | 15.8
Transmutations | 1 2 3 4 5 6 7 8 9 10 11 12 13 14 15 | 15.8
Fire Magic     | 1 2 3 4 5 6 7 8 9 10 11 12 13 14 15 16 | 16.5
Air Magic      | 1 2 3 4 5 6 7 8 9 10 11 12 13 14 15 | 15.8
Earth Magic    | 1 2 3 4 5 6 7 8 9 10 11 12 13 14 15 | 15.8
Poison Magic   | 1 2 3 4 5 6 7 8 9 10 11 12 13 14 15 | 15.8
Invocations    | 3 4 5 6 7 8 9 10 11 12 13 14 15 16 17 18 19 20 | 20.2
Ranged Weapons | 3 4 5 6 7 8 9 10 11 12 13 14 15 16 17 18 | 18.7
Evocations     | 3 4 5 6 7 8 9 10 11 12 13 14 15 16 17 18 | 18.7
Armour         | 5 6 7 8 9 10 11 12 13 14 15 16 17 18 19 | 19.0
Ice Magic      | 8 9 10 11 12 13 14 15 16 17 | 17.1

Action                   |  1- 3 |  4- 6 |  7- 9 | 10-12 | 13-15 | 16-18 | 19-21 | 22-24 | 25-27 || total
-------------------------+-------+-------+-------+-------+-------+-------+-------+-------+-------++-------
Melee: Dagger            |    27 |       |       |       |       |       |       |       |       ||    27
       Bite              |     4 |       |     2 |       |       |       |       |       |       ||     6
       Sling             |       |       |     3 |       |       |       |       |       |       ||     3
 Fire: Sling             |       |    98 |   203 |   593 |  1029 |  1499 |    76 |       |       ||  3498
       Longbow           |       |       |       |       |       |       |  1558 |  2540 |  1250 ||  5348
 Cast: Freeze            |    35 |       |     7 |    40 |    10 |    25 |       |       |       ||   117
       Frozen Ramparts   |       |       |     8 |    28 |    34 |    36 |    20 |     4 |     2 ||   132
       Ozocubu's Armour  |       |       |       |     1 |     8 |    11 |     7 |     5 |     1 ||    33
       Irradiate         |       |       |       |       |     6 |    13 |    12 |    37 |    10 ||    78
       Ozocubu's Refrige |       |       |       |       |     5 |    28 |    18 |    49 |    14 ||   114
       Freezing Cloud    |       |       |       |       |     1 |    29 |    17 |    14 |    20 ||    81
       Orb of Destructio |       |       |       |       |       |    12 |       |       |       ||    12
       Swiftness         |       |       |       |       |       |     1 |     3 |     8 |     1 ||    13
       Stone Arrow       |       |       |       |       |       |    16 |       |       |       ||    16
       Wereblood         |       |       |       |       |       |       |    15 |    12 |     1 ||    28
       Inner Flame       |       |       |       |       |       |       |       |     1 |       ||     1
       Iron Shot         |       |       |       |       |       |       |       |    25 |    93 ||   118
       Dispersal         |       |       |       |       |       |       |       |     8 |       ||     8
Invok: Curse Item        |       |       |       |     5 |     4 |     2 |     1 |     4 |     1 ||    17
       Shatter the Chain |       |       |       |     1 |       |     2 |     1 |     2 |     1 ||     7
Evoke: Wand              |       |       |       |       |       |     2 |       |       |     6 ||     8
       Box of beasts     |       |       |       |       |       |     1 |       |       |     2 ||     3
       Condenser vane    |       |       |       |       |       |     1 |       |       |       ||     1
       Phial of floods   |       |       |       |       |       |       |       |       |     2 ||     2
       Tin of tremorston |       |       |       |       |       |       |       |       |     1 ||     1
  Use: Potion            |       |       |     1 |       |       |       |       |     9 |     9 ||    19
       Scroll            |       |       |       |     3 |       |     3 |     3 |     9 |     4 ||    22
Armor: Scale mail        |    18 |       |       |       |       |       |       |       |       ||    18
       Leather armour    |     1 |     8 |    17 |    19 |       |       |       |       |       ||    45
       Robe              |       |       |       |    50 |    57 |   146 |    99 |    72 |       ||   424
       Acid dragon scale |       |       |       |       |       |       |       |   210 |   142 ||   352
Dodge: Dodged            |    19 |     7 |    45 |   236 |   224 |   633 |   393 |   867 |   432 ||  2856
Block: Buckler           |       |       |    10 |    90 |   117 |   221 |       |       |       ||   438
       Kite shield       |       |       |       |       |       |   178 |    28 |       |       ||   206

Table legend: (Time is in decaauts)
 A = Elapsed time spent in this place.
 B = Non-inter-level travel time spent in this place.
 C = Inter-level travel time spent in this place.
 D = Time resting spent in this place.
 E = Time spent auto-exploring this place.
 F = Levels seen in this place.
 G = Mean time per level.
                   A        B        C        D        E       F      G
               +--------+--------+--------+--------+--------+-----+--------+
         Total |  59631 |  54446 |   5185 |   1315 |  39842 |  54 | 1104.3 |
       Dungeon |  18320 |  15588 |   2732 |      0 |  12726 |  15 | 1221.3 |
        Temple |    131 |    118 |     13 |    100 |      2 |   1 |  131.0 |
          Lair |   6041 |   5170 |    871 |      0 |   4161 |   6 | 1006.8 |
        Shoals |   3674 |   3550 |    124 |      0 |   2436 |   4 |  918.5 |
   Spider Nest |   5023 |   4812 |    211 |      0 |   3657 |   4 | 1255.8 |
    Slime Pits |   3390 |   3282 |    108 |    361 |   1433 |   5 |  678.0 |
  Orcish Mines |   1249 |   1059 |    190 |      0 |    711 |   2 |  624.5 |
   Elven Halls |   3414 |   3267 |    147 |      0 |   2395 |   3 | 1138.0 |
        Vaults |   5289 |   4878 |    411 |      0 |   3902 |   4 | 1322.2 |
        Depths |   5101 |   4890 |    211 |    347 |   3361 |   4 | 1275.2 |
           Zot |   7279 |   7117 |    162 |    507 |   4649 |   5 | 1455.8 |
      Ice Cave |    715 |    715 |      0 |      0 |    408 |   1 |  715.0 |
               +--------+--------+--------+--------+--------+-----+--------+

Top non-repeatable levels by time:
   Zot:5: 3019 daAuts
     D:7: 2174 daAuts
     D:6: 1974 daAuts
Depths:1: 1739 daAuts
Spider:4: 1637 daAuts
     D:9: 1613 daAuts
Spider:1: 1583 daAuts
     D:1: 1527 daAuts
    D:15: 1464 daAuts
Vaults:2: 1456 daAuts
   Zot:4: 1440 daAuts
Depths:2: 1427 daAuts
  Lair:4: 1411 daAuts
Vaults:1: 1341 daAuts
 Slime:4: 1333 daAuts
